AoeStats
← sam_robinson1994

Oasis

508321730Analyzed
2v2 RM · 12d ago on Sep 21, 2026· 53m 43s· 4 players
Game mode
Random Map
Map size
Medium (4 player)
Population
200
Speed
Normal
Resources
Standard
Victory
Conquest
Starting age
Dark Age
Ending age
Imperial Age
RankedLock teamsTeams togetherTeam positionsShared explorationLock speedFull tech treeHidden civsTurbo modeCheats
Victory
Defeat
🇬🇧 Magyars · United Kingdom
1309
+14
🇺🇸 Vietnamese · United States
1257
+17
🇳🇱 Ethiopians · Netherlands
1274
-16
🇬🇧 Romans · United Kingdom
1272
-15
Sheepeehs
6:36 Loom
9:27 Feudal Age
10:13 Double-Bit Axe
13:45 Horse Collar
15:03 Wheelbarrow
19:40 Castle Age
20:43 Bow Saw
21:22 Hand Cart
21:51 Heavy Plow
23:53 Stone Mining
29:25 Hand Cart
29:19 Scale Barding Armor
29:46 Husbandry
31:59 Hand Cart
31:30 Town Watch
32:37 Fletching
33:13 Pikeman
39:33 Gold Mining
40:35 Heavy Plow
41:08 Scale Mail Armor
41:28 Chain Barding Armor
41:43 Corvinian Army
44:46 Imperial Age
43:57 Gold Shaft Mining
43:52 Bodkin Arrow
43:58 Padded Archer Armor
44:57 Bloodlines
44:08 Light Cavalry
45:51 Ballistics
46:31 Chemistry
45:55 Conscription
47:30 Parthian Tactics
47:29 Thumb Ring
49:05 Plate Barding Armor
48:57 Recurve Bow
48:23 Heavy Cavalry Archer
48:50 Elite Magyar Huszar
49:54 Bodkin Arrow
49:59 Padded Archer Armor
51:31 Leather Archer Armor
Femboy Hooters
10:27 Feudal Age
10:23 Loom
14:11 Double-Bit Axe
15:20 Horse Collar
17:15 Wheelbarrow
21:33 Castle Age
19:33 Fletching
19:43 Padded Archer Armor
20:24 Gold Mining
20:27 Stone Mining
22:31 Bow Saw
22:27 Heavy Plow
21:55 Crossbowman
23:39 Hand Cart
24:16 Town Watch
26:32 Bodkin Arrow
26:53 Leather Archer Armor
30:50 Ballistics
33:34 Imperial Age
33:23 Thumb Ring
34:19 Bracer
34:50 Ring Archer Armor
33:42 Arbalester
35:30 Chemistry
36:37 Paper Money
37:39 Elite Rattan Archer
39:09 Stone Shaft Mining
40:48 Hoardings
41:01 Siege Engineers
40:37 Treadmill Crane
40:53 Murder Holes
sam_robinson1994
7:46 Loom
9:57 Feudal Age
12:36 Double-Bit Axe
19:22 Castle Age
20:36 Scale Barding Armor
20:42 Forging
21:24 Caravan
26:57 Chain Barding Armor
27:14 Horse Collar
29:11 Iron Casting
30:42 Bow Saw
37:22 Imperial Age
38:01 Heavy Plow
38:48 Comitatenses
40:55 Wheelbarrow
41:12 Conscription
41:46 Elite Centurion
43:50 Onager
46:26 Hand Cart
49:19 Plate Barding Armor
48:20 Cavalier
49:14 Bloodlines
50:41 Blast Furnace
Maximus
2:26 Loom
9:36 Feudal Age
8:44 Loom
10:17 Double-Bit Axe
12:52 Horse Collar
19:43 Castle Age
18:59 Gold Mining
19:12 Fletching
20:19 Padded Archer Armor
20:38 Bodkin Arrow
20:25 Crossbowman
21:18 Heavy Plow
24:10 Leather Archer Armor
26:49 Ballistics
27:24 Thumb Ring
39:29 Imperial Age
38:38 Bow Saw
39:45 Wheelbarrow
38:58 Town Watch
40:18 Bracer
42:00 Hand Cart
44:22 Chemistry
43:55 Arbalester
45:26 Caravan
46:32 Ring Archer Armor
47:30 Two-Man Saw
48:52 Coinage
52:17 Elite Skirmisher
Connection lost

Rejoining the realm…

Still unreachable

The connection could not be restored.

Session expired

The server has moved on; the page needs a fresh start.